 Dungeon Crawl Stone Soup version 0.29-a0-923-g6e406bff71 (webtiles) character file.

Game seed: 16119642839605104677

2230 testman the Skirmisher (level 9, -10/75 HPs)
             Began as a Formicid Hunter on July 27, 2022.
             Was a Believer of Okawaru.
             Killed from afar by an electric eel (11 damage)
             ... with a bolt of electricity
             ... on level 7 of the Dungeon.
             The game lasted 00:20:20 (7273 turns).

testman the Skirmisher (Formicid Hunter)            Turns: 7273, Time: 00:20:21

Health: -10/75     AC:  2    Str: 16    XL:     9   Next: 62%
Magic:  13/13      EV: 12    Int:  9    God:    Okawaru [**....]
Gold:   231        SH:  5    Dex: 27    Spells: 8/8 levels left

rFire   . . .      SeeInvis +   a - +0 shortbow (freeze)
rCold   . . .      Faith    .   (no shield)
rNeg    . . .      Spirit   .   c - +0 leather armour
rPois   .          Reflect  +   (helmet unavailable)
rElec   .          Harm     .   (no cloak)
rCorr   .          Rampage  .   p - +0 pair of gloves
Will    .....                   (no boots)
Stlth   ++........              e - amulet of reflection
HPRegen 0.22/turn               k - +6 ring of dexterity
MPRegen 0.13/turn               (no ring)

@: no status effects
A: permanent stasis, dig shafts and tunnels, antennae 3, four strong arms,
deformed body, wild magic 1
a: Dig, Shaft Self, Renounce Religion, Heroism


You were on level 7 of the Dungeon.
You worshipped Okawaru.
Okawaru was pleased with you.
You visited 1 branch of the dungeon, and saw 7 of its levels.

You collected 467 gold pieces.
You spent 236 gold pieces at shops.

Inventory:

Hand Weapons
 a - a +0 shortbow of freezing (weapon)
Missiles
 u - 27 poisoned darts
 w - a throwing net
 D - 3 atropa-tipped darts
Armour
 c - a +0 leather armour (worn)
 p - a +0 pair of gloves (worn)
Jewellery
 e - an amulet of reflection (around neck)
 f - a ring of fire
 k - a +6 ring of dexterity (left hand)
 A - the ring of Acricaiw {EV+4 Str+3 Int+4 SInv}
   (You took it off a kobold on level 6 of the Dungeon)

   [ring of evasion]

   EV:        It affects your evasion (+4).
   Str:       It affects your strength (+3).
   Int:       It affects your intelligence (+4).
   SInv:      It lets you see invisible.
Wands
 t - a wand of roots (3)
 v - a wand of polymorph (3)
Scrolls
 b - 6 scrolls of immolation
 d - a scroll of torment {unknown}
 i - 3 scrolls of blinking
 j - 2 scrolls of fog
 n - a scroll of noise {unknown}
 q - 2 scrolls of magic mapping
 r - 4 scrolls of enchant armour
 s - 3 scrolls of enchant weapon {unknown}
 y - a scroll of silence {unknown}
 z - a scroll of summoning {unknown}
 B - a scroll of vulnerability {unknown}
 C - a scroll of brand weapon
 E - a scroll of acquirement {unknown}
Potions
 g - 2 potions of mutation
 h - 2 potions of curing
 l - 2 potions of degeneration {unknown}
 m - 2 potions of attraction {unknown}
 o - a potion of ambrosia {unknown}
 x - 3 potions of might {unknown}
 F - a potion of resistance {unknown}


   Skills:
 + Level 8.8 Fighting
 + Level 8.8 Ranged Weapons
 - Level 1.7 Dodging
 - Level 1.2 Stealth
 + Level 5.9 Invocations


You had 8 spell levels left.
You didn't know any spells.
Your spell library contained the following spells:

 Spells                   Type           Power      Damage    Failure   Level
 Freeze                   Ice            0%         1d3       54%         1
 Necrotise                Necr           0%         1d4       54%         1
 Sandblast                Erth           0%         2d4       54%         1
 Passwall                 Tmut/Erth      0%         N/A       67%         2
 Frozen Ramparts          Ice            0%         1d2       88%         3
 Stone Arrow              Conj/Erth      0%         3d7       88%         3
 Vampiric Draining        Necr           0%         2d6       88%         3
 Hailstorm                Conj/Ice       0%         3d3       99%         4
 Agony                    Necr           0%         N/A       100%        5


Dungeon Overview and Level Annotations

Branches:
Dungeon (7/15)             Temple (0/1) D:5

Altars:
Cheibriados
Hepliaklqana
Makhleb
Okawaru
Sif Muna
Trog
The Shining One

Shops:
D:2 (*=(=   D:5 ?

Annotations:
D:4 2 runed translucent doors, CowFu's ghost, amateur DrTm


Innate Abilities, Weirdness & Mutations

You cannot be hasted, slowed, berserked, paralysed or teleported.
You can dig through walls and to a lower floor.
You have a pair of large antennae on your head. (SInv)
Your four strong arms can wield two-handed weapons with a shield.
Armour fits poorly on your strangely shaped body.
Your spells are a little harder to cast, but a little more powerful.


Message History

The bolt of electricity hits you!
The bolt of electricity hits the plant!
The plant begins to die.
Your line of fire to the electric eel is blocked by a plant.
The electric eel shoots out a bolt of lightning at you!
The bolt of electricity hits you!
You shoot an arrow.
The arrow barely misses the electric eel.
You shoot an arrow.
The arrow closely misses the electric eel.
The arrow hits the plant!
The arrow freezes the plant.
The plant is lightly damaged.
A nearby plant withers and dies. x2
The electric eel shoots out a bolt of lightning at you!
The bolt of electricity hits you!
The electric eel shoots out a bolt of lightning at you!
The bolt of electricity hits the plant!
The plant begins to die.
The bolt of electricity hits you!
The electric eel shoots out a bolt of lightning at you!
The bolt of electricity hits the electric eel.
The electric eel completely resists.
The bolt of electricity hits the plant!
The bolt of electricity misses you.
The electric eel shoots out a bolt of lightning at you!
The bolt of electricity hits the plant.
The bolt of electricity hits you!
The electric eel shoots out a bolt of lightning at you!
The bolt of electricity hits the plant!
The bolt of electricity hits you!
* * * LOW HITPOINT WARNING * * *
It was a potion of mutation.
You feel extremely strange.
You feel less in control of your magic.
Your body twists and deforms.
The electric eel shoots out a bolt of lightning at you!
The bolt of electricity hits the plant.
The bolt of electricity hits you!
* * * LOW HITPOINT WARNING * * *
Are you sure you want to shaft yourself?
A nearby plant withers and dies.
The electric eel shoots out a bolt of lightning at you!
The bolt of electricity hits the electric eel.
The electric eel completely resists.
The bolt of electricity hits you!
* * * LOW HITPOINT WARNING * * *
The electric eel shoots out a bolt of lightning at you!
The bolt of electricity hits you!
You die...

#......#........).....#
#.....................#
#!....................#######
#.♣♣.........................
#.≈≈..................######
#≈♣≈..♣≈#############.#
♣♣≈≈...≈≈ ######### #.#
♣PP..≈≈P≈♣♣≈......# #.#
≈≈P....P≈≈P≈♣...@.###.#
..≈≈≈S≈S≈......##.#
..≈≈≈P≈≈♣......##.#
.≈♣≈P≈≈≈♣#####.##.# .≈≈≈≈≈≈P♣
#....# ..≈≈≈≈P≈≈ ######
.≈≈≈S≈≈♣# ..≈≈≈≈≈


You could see 2 electric eels.

Vanquished Creatures
  A steam dragon (D:6)
  4 water moccasins
  An ice beast (D:3)
  2 sky beasts (D:7)
  2 ogres (D:5)
  A kobold brigand (D:6)
  A bullfrog (D:6)
  2 necrophages (D:5)
  4 scorpions
  2 quasits (D:4)
  3 jellies
  2 orc priests
  4 hounds
  Natasha (thrice) (D:4)
  An orc wizard (D:6)
  7 gnolls
  7 adders
  A shadow imp (D:4)
  3 white imps
  2 ufetubi
  A worm (D:4)
  5 dart slugs
  21 orcs
  A ball python (D:3)
  4 bats
  6 endoplasms
  3 giant cockroaches
  7 hobgoblins
  14 jackals
  3 quokkas
  3 frilled lizards (D:2)
  8 goblins
  12 kobolds
  5 rats
146 creatures vanquished.

Vanquished Creatures (others)
  A demonic plant (D:4)
  3 plants (D:7)
  4 toadstools (D:6)
8 creatures vanquished.

Grand Total: 154 creatures vanquished

Notes
Turn   | Place    | Note
-------+----------+-------------------------------------------
     0 | D:1      | testman the Formicid Hunter began the quest for the Orb.
     0 | D:1      | Reached XP level 1. HP: 16/16 MP: 1/1
   189 | D:1      | Reached XP level 2. HP: 23/23 MP: 2/2
   527 | D:1      | Reached XP level 3. HP: 28/28 MP: 3/3
   769 | D:1      | Found a faded altar of an unknown god.
   952 | D:2      | Found Apnestic's Assorted Antiques.
   961 | D:2      | Bought a fuming golden potion for 23 gold pieces
   961 | D:2      | Bought a golden potion for 23 gold pieces
  1205 | D:2      | Reached XP level 4. HP: 35/35 MP: 4/4
  1259 | D:2      | Found Ykedaoh's Weapon Boutique.
  1332 | D:2      | Found Nenos's Jewellery Boutique.
  1374 | D:2      | Found Hoanepeg's Jewellery Boutique.
  1680 | D:2      | Found Doutytik's Antique Weapon Shoppe.
  1976 | D:3      | Found a glowing golden altar of the Shining One.
  1981 | D:3      | Reached skill level 5 in Ranged Weapons
  2048 | D:3      | Reached XP level 5. HP: 32/42 MP: 5/5
  2145 | D:3      | Noticed an ice beast
  2151 | D:3      | Killed an ice beast
  2152 | D:3      | Reached XP level 6. HP: 50/50 MP: 6/6
  2370 | D:3      | Found a burning altar of Makhleb.
  2513 | D:4      | Found an iron altar of Okawaru.
  2541 | D:4      | Became a worshipper of Warmaster Okawaru
  2557 | D:4      | Reached skill level 5 in Fighting
  3098 | D:4      | Found a large runed translucent door.
  3098 | D:4      | Found a large runed translucent door.
  3102 | D:4      | Noticed CowFu's ghost (amateur DrTm)
  3128 | D:4      | Reached XP level 7. HP: 50/56 MP: 7/7
  3579 | D:4      | Noticed Natasha
  3585 | D:4      | Killed Natasha
  3615 | D:4      | Noticed Natasha
  3642 | D:4      | Killed Natasha
  3849 | D:4      | Found a shimmering blue altar of Sif Muna.
  3992 | D:4      | Noticed Natasha
  3994 | D:4      | Killed Natasha
  4529 | D:5      | Entered Level 5 of the Dungeon
  4716 | D:5      | Found Hupash's Magic Scroll Shoppe.
  4730 | D:5      | Reached * piety under Okawaru
  4731 | D:5      | Reached XP level 8. HP: 55/65 MP: 8/8
  4803 | D:5      | Found a staircase to the Ecumenical Temple.
  4862 | D:5      | Reached skill level 1 in Invocations
  5083 | D:5      | Found a bloodstained altar of Trog.
  5471 | D:5      | Reached ** piety under Okawaru
  5601 | D:5      | Bought a scroll of brand weapon for 95 gold pieces
  5601 | D:5      | Bought a scroll of identify for 20 gold pieces
  5604 | D:5      | Bought a scroll of magic mapping for 75 gold pieces
  5740 | D:6      | Reached XP level 9. HP: 70/74 MP: 10/12
  5905 | D:6      | Identified the +0 great sword "Noawku" {antimagic, Will+
                  | Dex+2}
  5909 | D:6      | Identified the ring of Acricaiw {EV+4 Str+3 Int+4 SInv}
  6434 | D:6      | Reached skill level 5 in Invocations
  6541 | D:6      | Found a snail-covered altar of Cheibriados.
  6541 | D:6      | Found a hazy altar of Hepliaklqana.
  7150 | D:7      | Found a hazy altar of Hepliaklqana.
  7272 | D:7      | Gained mutation: Your spells are a little harder to cast,
                  | but a little more powerful. [potion of mutation]
  7272 | D:7      | Gained mutation: Armour fits poorly on your strangely
                  | shaped body. [potion of mutation]
  7273 | D:7      | HP: 1/75 [electric eel/bolt of electricity (11)]
  7273 | D:7      | Killed from afar by an electric eel

Illustrated notes

Levels and vault maps discovered:
D:1:      lemuel_arrival_funnel, layout_loops_cross,
          chequers_ecumenical_altar_island, chequers_serial_rivers_micro_a
D:2:      layout_loops_corners, serial_shops, nicolae_shop_overgrown_old_shop,
          nicolae_shop_bloodbath_and_beyond, shop, nicolae_shop_hallway_plus,
          nicolae_shop_waterfront
D:3:      layout_rooms, mainiacjoe_overflow_surrounded_room,
          mainiacjoe_overflow_small_starburst
D:4:      layout_layer_cave, okawaru_gym_becter, lemuel_coloured_pillars_altar,
          serial_demonic, serial_demonic_b, serial_demonic_f, serial_demonic_a,
          serial_demonic_c, ebering_ghost_disaster_area, uniq_natasha
D:5:      layout_rooms, lightli_temple_of_fire, minmay_temple_entry_junction_2,
          serial_shops, shop
D:6:      layout_basic, mainiacjoe_overflow_divided_tiny,
          minmay_gold_behind_fungi
D:7:      layout_basic, nicolae_ru_path_of_blood, hangedman_feature_mirror,
          minmay_tree_intersection, serial_bayou_ford_a, water_boxes_lemuel

Skill      XL: |  1  2  3  4  5  6  7  8  9 |
---------------+----------------------------+-----
Fighting       | 3 4 5 6 7 8 |  8.8
Ranged Weapons | 5 6 7 8 |  8.8
Invocations    | 4 5 |  5.9
Dodging        | |  1.7
Stealth        | |  1.2

Action                   |  1- 3 |  4- 6 |  7- 9 || total
-------------------------+-------+-------+-------++-------
Melee: Unarmed           |       |       |    22 ||    22
 Fire: Shortbow          |    93 |   141 |   302 ||   536
Invok: Heroism           |       |       |     1 ||     1
 Abil: Dig               |       |     1 |       ||     1
       Shaft Self        |       |       |     1 ||     1
Evoke: Wand              |       |     1 |       ||     1
  Use: Scroll            |       |       |     4 ||     4
       Potion            |       |       |     4 ||     4
Armor: Leather armour    |    20 |    24 |    35 ||    79
Dodge: Dodged            |    33 |    59 |   117 ||   209
Block: Other             |     9 |    27 |    41 ||    77
       Reflection        |       |     1 |     1 ||     2

Table legend: (Time is in decaauts)
 A = Elapsed time spent in this place.
 B = Non-inter-level travel time spent in this place.
 C = Inter-level travel time spent in this place.
 D = Time resting spent in this place.
 E = Time spent auto-exploring this place.
 F = Levels seen in this place.
 G = Mean time per level.
                   A        B        C        D        E       F      G
               +--------+--------+--------+--------+--------+-----+--------+
         Total |   7385 |   7206 |    179 |    255 |   5915 |   7 | 1055.0 |
       Dungeon |   7385 |   7206 |    179 |    255 |   5915 |   7 | 1055.0 |
               +--------+--------+--------+--------+--------+-----+--------+

Top non-repeatable levels by time:
     D:4: 1881 daAuts
     D:5: 1202 daAuts
     D:6: 1038 daAuts
     D:2: 964 daAuts
     D:1: 958 daAuts
     D:3: 812 daAuts
     D:7: 528 daAuts
